 Dungeon Crawl Stone Soup version 0.32-a0-630-g46d191b0ed (webtiles) character file.

Game seed: 14839403417725425442

415202 juan097 the Slayer (level 22, -3/213 HPs)
             Began as a Grey Draconian Brigand on Mar 6, 2024.
             Was a High Priest of Okawaru.
             Splashed by an acid blob's acid (4 damage)
             ... in the Arena.
             The game lasted 02:43:31 (56264 turns).

juan097 the Slayer (Grey Draconian Brigand)        Turns: 56264, Time: 02:43:31

Health: -3/213     AC: 12    Str: 14    XL:     22   Next: 54%
Magic:  0/35       EV: 32    Int: 13    God:    Okawaru [*****.]
Gold:   3248       SH: 21    Dex: 21    Spells: 18/21 levels left

rFire   + + .        D - +4 scimitar (flame)
rCold   + . .        P - +5 Storm Queen's Shield {shock, Fly rElec}
rNeg    . . .        (body armour unavailable)
rPois   .            (helmet restricted)
rElec   +            k - +1 cloak
rCorr   +            E - +1 pair of gloves
SInv    +            X - +1 pair of boots "Qixzahon" {+Blink +Inv}
Will    .....        u - amulet of guardian spirit
Stlth   ++++++       F - ring "Tioq" {rF++ rC+ EV+5 Int-5, =R}
HPRegen 0.55/turn    z - ring "Itworoz" {rCorr Int+6 Dex-2 SInv}
MPRegen 0.24/turn

%: guardian spirit
@: maw-form, weak-willed, heroic, corroded, flying, studying 2 skills, duelling
A: devouring maw, mud breath, mud-swimmer, AC +16, amphibious, unfitting armour,
cold-blooded
}: 2/15 runes: decaying, gossamer
a: Mud Breath, Begin Untransformation, Renounce Religion, Evoke Blink, Evoke
Invisibility, Heroism, Finesse, Duel


You were in the Arena.
You worshipped Okawaru.
Okawaru was extremely pleased with you.
You were a creature with a mouth for a stomach.
You visited 9 branches of the dungeon, and saw 44 of its levels.
You also visited: Bailey, Gauntlet and Desolation.

You collected 6864 gold pieces.
You spent 3616 gold pieces at shops.

Inventory:

Hand Weapons
 a - the +7 captain's cutlass {speed, disarm}
   (You acquired it on level 9 of the Dungeon)
 b - a +0 antimagic hand cannon
 D - a +4 scimitar of flaming (weapon)
Missiles
 j - 15 javelins (quivered)
 l - 14 silver javelins
 C - 33 boomerangs
 M - 2 darts of dispersal
 O - 3 atropa-tipped darts
 U - 3 throwing nets
 Z - 9 curare-tipped darts
Armour
 k - a +1 cloak (worn)
 E - a +1 pair of gloves (worn)
 P - the +5 Storm Queen's Shield (worn) {shock, Fly rElec}
   (Okawaru gifted it to you on level 5 of the Lair of Beasts)

   Shock:     When it blocks an attack, it may electrocute the attacker.
   This works even against foes who are a short distance away.
   rElec:     It insulates you from electricity.
   Fly:       It grants you flight.
 X - the +1 pair of boots "Qixzahon" (worn) {+Blink +Inv}
   (You acquired it on level 4 of the Vaults)

   +Inv:      It lets you turn invisible.
   +Blink:    It lets you blink.
Jewellery
 e - the ring "Lissetasm" {rPois Will+ Int+6}
   (You acquired it on level 4 of the Lair of Beasts)

   [ring of intelligence]

   Int+6:     It affects your intelligence (+6).
   rPois:     It protects you from poison.
   Will+:     It increases your willpower.
 u - an amulet of guardian spirit (around neck)
 z - the ring "Itworoz" (right hand) {rCorr Int+6 Dex-2 SInv}
   (You found it on level 1 of the Lair of Beasts)

   [ring of see invisible]

   Int+6:     It affects your intelligence (+6).
   Dex-2:     It affects your dexterity (-2).
   SInv:      It lets you see invisible.
   rCorr:     It protects you from acid and corrosion.
 F - the ring "Tioq" (left hand) {rF++ rC+ EV+5 Int-5, =R}
   (You took it off a servant of whispers in the Desolation of Salt)

   [ring of evasion]

   EV+5:      It affects your evasion (+5).
   Int-5:     It affects your intelligence (-5).
   rF++:      It greatly protects you from fire.
   rC+:       It protects you from cold.
 I - a ring of protection from fire
 V - a ring of protection from cold
Wands
 G - a wand of paralysis (39)
 H - a wand of quicksilver (11)
 K - a wand of iceblast (33)
 Y - a wand of digging (5)
Scrolls
 f - 8 scrolls of fear
 m - 4 scrolls of poison
 p - 9 scrolls of fog
 r - 6 scrolls of vulnerability
 s - 10 scrolls of blinking
 y - 12 scrolls of immolation
 B - 8 scrolls of enchant weapon
 J - 17 scrolls of teleportation
 N - 5 scrolls of revelation
 R - 23 scrolls of identify
 S - a scroll of brand weapon
 T - 4 scrolls of enchant armour
Potions
 c - a potion of cancellation
 g - 9 potions of haste
 h - 3 potions of berserk rage
 i - 11 potions of heal wounds
 n - 7 potions of curing
 o - 4 potions of magic
 t - 7 potions of might
 v - 9 potions of invisibility
 w - 6 potions of attraction
 x - 7 potions of enlightenment
 L - 7 potions of mutation
 W - 2 potions of resistance
Miscellaneous
 d - a tin of tremorstones (1/2)
 Q - a lightning rod (3/4)


   Skills:
 + Level 21.5(26.5) Fighting
 - Level 14.0(21.0) Short Blades
 + Level 12.8(20.4) Long Blades
 + Level 13.6(18.6) Ranged Weapons
 - Level 10.0(15.0) Throwing
 - Level 15.0(20.0) Dodging
 - Level 8.0(13.0) Stealth
 + Level 14.2(19.2) Shields
 - Level 18.0 Invocations
 - Level 10.0 Evocations
 - Level 14.0 Shapeshifting


You had 18 spell levels left.
You knew the following spells:

 Your Spells              Type           Power      Damage    Failure   Level
a - Apportation           Tloc           0%         N/A       41%         1
b - Blink                 Tloc           0%         N/A       56%         2

Your spell library contained the following spells:

 Spells                   Type           Power      Damage    Failure   Level
 Foxfire                  Conj/Fire      0%         2x1d4     41%         1
 Slow                     Hex            0%         N/A       41%         1
 Cigotuvi's Dreadful Rot  Necr/Alch/Air  0%         N/A       56%         2
 Lesser Beckoning         Tloc           0%         N/A       56%         2
 Mercury Vapours          Alch/Air       0%         N/A       56%         2
 Momentum Strike          Conj/Tloc      0%         3d8       56%         2
 Static Discharge         Conj/Air       0%         3-3/arc   56%         2
 Sublimation of Blood     Necr           0%         N/A       56%         2
 Confusing Touch          Hex            0%         N/A       80%         3
 Dazzling Flash           Conj/Hex       0%         N/A       80%         3
 Frozen Ramparts          Ice            0%         1d1       80%         3
 Mephitic Cloud           Conj/Alch/Air  0%         N/A       80%         3
 Sigil of Binding         Hex            0%         N/A       80%         3
 Stone Arrow              Conj/Erth      0%         3d7       80%         3
 Teleport Other           Tloc           0%         N/A       80%         3
 Vampiric Draining        Necr           0%         2d6       80%         3
 Volatile Blastmotes      Fire/Tloc      0%         2d10      80%         3
 Airstrike                Air            0%         2d(0-16)  99%         4
 Dimensional Bullseye     Hex/Tloc       0%         N/A       99%         4
 Fulminant Prism          Conj/Alch      0%         3d5       99%         4
 Ignite Poison            Fire/Alch      0%         N/A       99%         4
 Iskenderun's Mystic Bla  Conj/Tloc      0%         2d3       99%         4
 Leda's Liquefaction      Alch/Erth      0%         N/A       99%         4
 Olgreb's Toxic Radiance  Alch           0%         N/A       99%         4
 Petrify                  Alch/Erth      0%         N/A       99%         4
 Sticky Flame             Fire/Alch      0%         2d4       99%         4
 Vhi's Electric Charge    Tloc/Air       0%         N/A       99%         4
 Arcjolt                  Conj/Air       0%         1d10      100%        5
 Freezing Cloud           Conj/Ice/Air   0%         6-21      100%        5
 Irradiate                Conj/Alch      0%         3d11      100%        5
 Metabolic Englaciation   Hex/Ice        0%         N/A       100%        5
 Plasma Beam              Fire/Air       0%         2x1d10    100%        6
 Starburst                Conj/Fire      0%         6d3       100%        6
 Ozocubu's Refrigeration  Ice            0%         4d7       100%        7
 Discord                  Hex            0%         N/A       100%        8
 Lehudib's Crystal Spear  Conj/Erth      0%         10d2      100%        8
 Maxwell's Capacitive Co  Air            0%         ∞         100%        8
 Chain Lightning          Conj/Air       0%         N/A       100%        9
 Fire Storm               Conj/Fire      0%         5d1       100%        9
 Shatter                  Erth           0%         3d5*      100%        9
 Call Imp                 Summ           Unusable   N/A       N/A         2
 Call Canine Familiar     Summ           Unusable   N/A       N/A         3
 Animate Armour           Summ/Erth      Unusable   N/A       N/A         4
 Summon Mana Viper        Hex/Summ       Unusable   N/A       N/A         5
 Summon Cactus Giant      Summ           Unusable   N/A       N/A         6
 Haunt                    Necr/Summ      Unusable   N/A       N/A         7

Dungeon Overview and Level Annotations

Branches:
Dungeon (15/15)            Temple (1/1) D:6            Lair (5/5) D:9
  Swamp (4/4) Lair:3       Spider (4/4) Lair:2        Slime (5/5) Lair:4
    Orc (2/2) D:11            Elf (0/3) Orc:2        Vaults (4/5) D:14
  Crypt (0/3) Vaults:2     Depths (4/4) D:15            Zot (0/5) Depths:4
 Bailey (visited)         Desolation (visited)      Gauntlet (visited)

Altars:
Ashenzari
Cheibriados
Dithmenos
Elyvilon
Fedhas
Gozag
Hepliaklqana
Kikubaaqudgha
Makhleb
Nemelex Xobeh
Okawaru
Qazlal
Ru
Sif Muna
Trog
Uskayaw
Vehumet
Wu Jian
Xom
Yredelemnul
Zin
The Shining One
Beogh
Jiyva

Shops:
D:1 :   D:9 ?   D:10 =   D:13 (?[   D:14 ?   Orc:2 (*[(   Vaults:2 [
Depths:2 :   Depths:3 ::

Portals:
Hell: Depths:1 Depths:2 Depths:3 Depths:4
Abyss: Depths:3 Depths:4
Pandemonium: Depths:1 Depths:2
Ziggurat: Depths:3

Annotations:
D:2 1 runed translucent door, Crazy Yiuf
D:7 Joseph
Lair:3 2 transporters, ClasyJones's ghost, journeyman TrFi
Spider:3 Roxanne
Slime:5 Royal Jelly


Innate Abilities, Weirdness & Mutations

You are a creature with a mouth for a stomach.
Your midsection houses a second, enormous mouth.
You can breathe torrents of mud.
You are unimpeded by mud.
Your dull iron-grey scales are very hard. (AC +16)
You are amphibious.
You cannot fit into any form of body armour.
You are cold-blooded and may be slowed by cold attacks.


Message History

Unknown command.
Aiming: Duel (0% risk of failure)
Press: ? - help, Dir - move target, f/p - eye of devastation
Aim: an eye of devastation (lightly wounded)
The eye of devastation is not worthy to be dueled!
Aiming: Duel (0% risk of failure)
Press: ? - help, Dir - move target, f - acid blob, p - eye of devastation
Aim: an acid blob You enter into single combat with the acid blob!
The world spins around you as you enter the gateway.
You enter Okawaru's Arena!
Found a gate leading back out of this place.
Okawaru is no longer ready to gift you weaponry.
The spectator shouts! x3
There is an empty arch of ancient stone here.
Your +4 scimitar of flaming bursts into flame!
D - a +4 scimitar of flaming (weapon)
The spectator shouts! x3
The acid blob completely misses you.
You gain the combat prowess of a mighty hero.
You block the acid blob's attack.
The spectator shouts! x4
You slice the acid blob!! You burn the acid blob.
Your hands burn!
* * * LOW HITPOINT WARNING * * *
You tail-slap the acid blob, but do no damage.
You bite the acid blob, but do no damage.
The acid blob is moderately wounded.
The acid blob hits you!
* * * LOW HITPOINT WARNING * * *
You are splashed with acid.
You resist.
* * * LOW HITPOINT WARNING * * *
You slash the acid blob! You burn the acid blob.
Your hands burn!
* * * LOW HITPOINT WARNING * * *
You tail-slap the acid blob. You bite the acid blob!
The acid blob is severely wounded.
The acid blob hits you!!
* * * LOW HITPOINT WARNING * * *
You are splashed with acid.
You resist.
You die...
Okawaru crowns the acid blob victorious!

#########
##..▓▓▓..##
##.p▓▓.▓▓p.##
##.p▓▓...▓▓p.##
#.p▓▓.....▓▓p.#
#.▓▓.......▓▓.#
#▓▓....J....▓.#
#∩▓....W....▓##
#▓▓.........▓p#
#p▓▓.......▓▓.#
#.p▓▓.....▓▓..#
##.p▓▓...▓▓p.##
##..▓▓.▓▓p.##
##..▓▓▓..##
#########


You could see an acid blob.

Vanquished Creatures
  A juggernaut (Depths:4)
  Saint Roka (Vaults:4)
  4 caustic shrikes (Depths:4)
  3 golden dragons (Depths:4)
  A bone dragon (Depths:4)
  Nikola (Vaults:1)
  The ghost of Qecvurom the Warrior, an adept DrRe of Fedhas (Vaults:3)
  Jorgrun (D:15)
  3 tentacled monstrosities
  2 walking frostbound tomes
  A titan (Depths:3)
  A walking divine tome (Depths:3)
  5 acid blobs
  5 sphinxes
  2 storm dragons (Depths:3)
  A thorn hunter (Swamp:4)
  A shadow dragon (Vaults:2)
  Kirke (Lair:3)
  Agnes (Spider:1)
  4 tengu reavers
  2 rockslimes
  5 emperor scorpions (Spider:4)
  A draconian knight (Depths:4)
  7 fire giants
  Donald (Swamp:1)
  5 frost giants
  9 vault wardens
  A draconian scorcher (Depths:4)
  Louise (Spider:2)
  3 ghost moths
  3 imperial myrmidons (Desolation)
  2 iron dragons
  2 angels (Vaults:2)
  6 orc warlords
  12 stone giants
  A draconian annihilator (Depths:4)
  5 formless jellyfish
  2 quicksilver oozes
  10 ironbound thunderhulks
  10 ironbound preservers
  A vampire knight (Depths:3)
  4 very ugly things
  A lorocyproca (Depths:1)
  A broodmother (Spider:3)
  4 eleionomae
  A red draconian (Depths:4)
  10 dire elephants
  A green draconian (Depths:4)
  3 yellow draconians (Depths:4)
  Azrael (Spider:3)
  2 war gargoyles (Vaults:2)
  2 halazid warlocks (Desolation)
  A minotaur (Gauntlet)
  3 bunyips
  A purple draconian (Depths:4)
  13 spark wasps
  7 ettins
  5 crystal guardians
  15 fire dragons
  Josephine (D:10)
  2 jiangshi (Depths:2)
  A shambling mangrove (Swamp:4)
  7 entropy weavers
  3 ragged hierophants (Desolation)
  6 yaktaur captains
  An entropy weaver (shapeshifter) (D:15)
  7 vault guards
  7 great orbs of eyes
  3 rakshasas (Depths:2)
  12 servants of whispers (Desolation)
  A hell beast (Depths:1)
  Harold (Lair:2)
  2 ogre magi (D:15)
  5 ice dragons
  2 spriggan air magi
  Erolcha (D:9)
  20 hydras
  7 peacekeepers
  9 alligators
  3 catoblepae
  A ghost crab (Swamp:1)
  2 jorogumos
  13 ironbound frosthearts
  21 centaur warriors
  A radroach (Spider:2)
  8 death scarabs (Spider:4)
  4 tengu warriors
  5 deep troll shamans
  8 demonic crawlers
  10 two-headed ogres
  6 boulder beetles
  19 death yaks
  3 vampire magi
  5 deep troll earth magi
  6 orc high priests
  A spectral emperor scorpion (Spider:4)
  3 occultists
  3 soul eaters (Depths:2)
  A shock serpent (shapeshifter) (D:15)
  3 spriggan berserkers
  Sonja (Lair:4)
  6 hell knights
  A deep elf knight (D:15)
  2 skysharks (shapeshifter)
  A skyshark (Lair:4)
  6 iron trolls
  7 goliath frogs
  7 pharaoh ants
  A skeletal warrior (D:15)
  A shadow demon (Depths:2)
  A glowing orange brain (Vaults:3)
  A flayed ghost (Depths:2)
  13 swamp dragons
  4 orb spiders
  39 deep trolls
  2 obsidian statues (D:15)
  18 ironbound convokers
  A sun moth (Spider:4)
  13 lindwurms
  7 steelbarb worms
  8 arcanists
  An orange crystal statue (D:15)
  A harpy (D:13)
  8 bog bodies
  4 phantasmal warriors
  2 necromancers
  3 spectral wolf spiders (Spider:4)
  2 harpies (shapeshifter)
  A salamander (shapeshifter) (D:15)
  13 orc knights
  6 orc sorcerers
  A wolf spider zombie (Spider:4)
  15 ugly things
  A broodmother zombie (Spider:4)
  2 shining eyes
  3 deep elf pyromancers
  21 wolf spiders
  A worldbinder (Gauntlet)
  6 cyclopes
  6 will-o-the-wisps
  5 moths of wrath
  Maurice (D:7)
  12 vault sentinels
  4 manticores
  A meliai (shapeshifter) (D:15)
  6 meliai
  An eye of devastation (shapeshifter) (D:15)
  2 guardian serpents
  13 black mambas
  2 water nymphs (Swamp:2)
  6 torpor snails
  A molten gargoyle (Swamp:4)
  An apocalypse crab (Gauntlet)
  An eye of devastation (Slime:3)
  3 gargoyles
  A cane toad (shapeshifter) (D:15)
  18 cane toads
  2 kobold demonologists (Bailey)
  Maggie (Lair:2)
  3 rime drakes
  16 komodo dragons
  21 yaktaurs
  2 freezing wraiths
  2 unseen horrors (shapeshifter) (D:15)
  2 efreet
  A redback zombie (Spider:4)
  3 spectral redbacks (Spider:4)
  8 tengu conjurers
  7 trolls
  A polar bear (shapeshifter) (D:15)
  5 polar bears
  A merfolk (shapeshifter) (Depths:4)
  A spectral culicivora (Spider:4)
  3 spectral jumping spiders (Spider:4)
  5 tyrant leeches
  36 saltlings (Desolation)
  18 tarantellas
  3 spectral tarantellas (Spider:4)
  18 hornets
  12 dream sheep
  A tarantella zombie (Spider:4)
  2 glass eyes (Depths:3)
  A jumping spider zombie (Spider:4)
  2 raiju (shapeshifter)
  18 blink frogs
  15 jumping spiders
  2 shadows (D:13)
  A centaur simulacrum (D:13)
  16 culicivoras
  14 spriggans
  60 slime creatures
  A vampire (D:9)
  A spriggan (shapeshifter) (D:13)
  2 humans
  3 water elementals
  9 wraiths
  15 wyverns
  3 fire elementals
  2 hogs (Lair:3)
  52 yaks
  3 wargs
  A basilisk (shapeshifter) (D:15)
  6 basilisks
  A redback (shapeshifter) (D:15)
  50 redbacks
  21 vampire mosquitoes
  6 steam dragons
  A harpy simulacrum (D:15)
  2 acid dragons
  18 swamp worms
  4 hell hounds (Spider:3)
  4 sky beasts
  30 water moccasins
  33 orc warriors
  13 swamp drakes
  10 black bears
  4 ice beasts
  3 laughing skulls
  6 ogres
  21 wolves
  3 boggarts
  6 centaurs
  A phantom (D:6)
  5 kobold brigands
  A brain worm (shapeshifter) (Depths:3)
  20 bullfrogs
  5 earth elementals (Depths:3)
  3 scorpions
  3 wights (D:9)
  6 killer bees (D:8)
  5 howler monkeys
  9 electric eels
  A bombardier beetle (D:4)
  A quasit (D:4)
  A gnoll bouda (D:7)
  24 orc priests
  4 hounds
  Jessica (D:3)
  Terence (D:3)
  14 iguanas
  Natasha (twice) (D:2)
  31 orc wizards
  Robin (D:2)
  7 adders
  8 gnolls
  A shadow imp (D:4)
  3 white imps
  4 dart slugs (D:2)
  93 orcs
  10 ball pythons
  7 bats
  11 endoplasms
  4 giant cockroaches
  25 goblins
  18 hobgoblins
  2 jackals (D:2)
  A frilled lizard (D:2)
  16 kobolds
  6 rats
1735 creatures vanquished.

Vanquished Creatures (others)
  A fire giant (Depths:4)
  A spark wasp (Depths:2)
  A bloated husk (Swamp:2)
  A swamp drake (Swamp:4)
  An orc warrior (D:15)
  An orc wizard (D:6)
  56 foxfires
62 creatures vanquished.

Grand Total: 1797 creatures vanquished

Notes
Turn   | Place    | Note
-------+----------+-------------------------------------------
     0 | D:1      | juan097 the Draconian Brigand began the quest for the Orb.
     0 | D:1      | Reached XP level 1. HP: 17/17 MP: 1/1
   192 | D:1      | Reached XP level 2. HP: 25/25 MP: 2/2
   472 | D:1      | Found Jetut's Vocational Training.
   687 | D:1      | Reached XP level 3. HP: 30/30 MP: 3/3
   992 | D:2      | Found a bloodstained altar of Trog.
   994 | D:2      | Reached skill level 3 in Fighting
  1181 | D:2      | Found a runed translucent door.
  1182 | D:2      | Noticed Crazy Yiuf
  1421 | D:2      | Noticed Natasha
  1517 | D:2      | Killed Natasha
  1518 | D:2      | Reached XP level 4. HP: 38/38 MP: 4/4
  1692 | D:2      | Noticed Natasha
  1759 | D:2      | Noticed Robin
  1888 | D:2      | Killed Robin
  2122 | D:2      | Reached XP level 5. HP: 45/45 MP: 5/5
  2305 | D:2      | Killed Natasha
  2449 | D:3      | Noticed Terence
  2585 | D:3      | Noticed Jessica
  2590 | D:3      | Killed Jessica
  2591 | D:3      | Reached skill level 5 in Short Blades
  2707 | D:3      | Killed Terence
  2775 | D:3      | Found a faded altar of an unknown god.
  2816 | D:3      | Noticed a centaur
  2825 | D:3      | Killed a centaur
  2826 | D:3      | Reached XP level 6. HP: 26/51 MP: 6/6
  3013 | D:3      | Reached skill level 1 in Dodging
  3039 | D:3      | Found a bloodstained altar of Trog.
  3045 | D:3      | Found a shimmering altar of Xom.
  3449 | D:4      | Found a snail-covered altar of Cheibriados.
  3566 | D:4      | Found a hide-covered altar of Uskayaw.
  3957 | D:5      | Entered Level 5 of the Dungeon
  4038 | D:5      | Your scales start taking on a dull iron-grey colour.
  4038 | D:5      | Reached XP level 7. HP: 56/58 MP: 7/7
  4203 | D:5      | Reached skill level 4 in Fighting
  4934 | D:6      | Reached XP level 8. HP: 63/67 MP: 8/8
  4979 | D:6      | Reached skill level 5 in Fighting
  5868 | D:7      | Noticed Maurice
  5870 | D:7      | Reached skill level 6 in Fighting
  5973 | D:6      | Found a staircase to the Ecumenical Temple.
  6297 | D:7      | Reached skill level 1 in Evocations
  6297 | D:7      | Reached XP level 9. HP: 78/78 MP: 9/9
  6324 | D:7      | Noticed a cyclops
  6402 | D:7      | Killed a cyclops
  6403 | D:7      | Reached skill level 5 in Dodging
  6581 | D:7      | Noticed Joseph
  6773 | D:7      | Reached skill level 7 in Fighting
  6890 | D:7      | Maurice stole 286 gold
  6897 | D:7      | Maurice stole 4 javelins
  6900 | D:7      | Something stole a +0 heavy falchion
  6904 | D:7      | Paralysed by something for 4 turns
  6927 | D:7      | Killed Maurice
  7721 | D:8      | Reached skill level 8 in Fighting
  7801 | Temple   | Entered the Ecumenical Temple
  7838 | Temple   | Became a worshipper of Warmaster Okawaru
  7934 | D:8      | Reached XP level 10. HP: 79/88 MP: 8/10
  8298 | D:8      | Identified the +3 halberd of Etacrefa {distort, Stlth+}
  8978 | D:9      | Reached * piety under Okawaru
  9014 | D:9      | Reached skill level 10 in Short Blades
  9068 | D:9      | Reached skill level 5 in Evocations
  9101 | D:9      | Found a radiant altar of Vehumet.
  9238 | D:9      | Reached skill level 1 in Invocations
  9314 | D:9      | Found Akkiapor's Magic Scroll Emporium.
  9320 | D:9      | Bought a scroll of teleportation for 39 gold pieces
  9320 | D:9      | Bought a scroll of identify for 26 gold pieces
  9320 | D:9      | Bought a scroll of identify for 26 gold pieces
  9320 | D:9      | Bought a scroll of immolation for 52 gold pieces
  9327 | D:9      | Found a flagged portal.
  9336 | Bailey   | Entered a bailey
  9811 | Bailey   | Noticed an orc knight
  9843 | Bailey   | Killed an orc knight
  9843 | Bailey   | Reached ** piety under Okawaru
  9844 | Bailey   | Reached skill level 5 in Invocations
  9951 | Bailey   | Found an iron altar of Okawaru.
  9955 | Bailey   | Noticed a rust devil
  9956 | Bailey   | Noticed a sun demon
 10038 | Bailey   | Noticed a sixfirhy
 10510 | Bailey   | Identified the +9 war axe "Astiopir" {drain, rPois rF+
                  | Int+3}
 10555 | D:9      | Noticed Erolcha
 10567 | D:9      | Acquired the +7 captain's cutlass {speed, disarm}
 10567 | D:9      | Found the +7 captain's cutlass {speed, disarm}
 10625 | D:9      | Killed Erolcha
 10626 | D:9      | Reached XP level 11. HP: 94/94 MP: 15/15
 10667 | D:9      | Reached *** piety under Okawaru
 10917 | D:9      | Found a staircase to the Lair.
 10926 | Lair:1   | Entered Level 1 of the Lair of Beasts
 11170 | Lair:1   | Reached **** piety under Okawaru
 11177 | Lair:1   | Noticed a death yak
 11203 | Lair:1   | Killed a death yak
 11204 | Lair:1   | Reached skill level 5 in Stealth
 11206 | Lair:1   | Noticed a four-headed hydra
 11428 | Lair:1   | Identified the +1 robe "Amus" {Str+4 Dex+4}
 11512 | Lair:1   | Identified the ring "Itworoz" {rCorr Int+6 Dex-2 SInv}
 11546 | Lair:1   | Reached skill level 5 in Throwing
 11718 | Lair:1   | Killed a four-headed hydra
 11719 | Lair:1   | Reached skill level 9 in Fighting
 12304 | D:9      | Found a glowing golden altar of the Shining One.
 12963 | Lair:2   | Reached ***** piety under Okawaru
 13035 | Lair:2   | Reached XP level 12. HP: 104/104 MP: 17/17
 13054 | Lair:2   | Reached skill level 1 in Ranged Weapons
 13522 | Lair:2   | Found a hole to the Spider Nest.
 13576 | Lair:2   | Noticed Maggie
 13587 | Lair:2   | Killed Maggie
 14255 | Lair:2   | Noticed Harold
 14287 | Lair:2   | Killed Harold
 14287 | Lair:2   | Received a gift from Okawaru
 14288 | Lair:2   | Reached skill level 10 in Fighting
 14317 | Lair:2   | Noticed a seven-headed hydra
 14330 | Lair:2   | Killed a seven-headed hydra
 15006 | Lair:3   | Acquired a manual of Fighting
 15013 | Lair:3   | Found a staircase to the Swamp.
 15069 | Lair:3   | Noticed Kirke
 15105 | Lair:3   | Noticed a four-headed hydra
 15165 | Lair:3   | Found a transporter.
 15171 | Lair:3   | Found a transporter.
 15205 | Lair:3   | Reached XP level 13. HP: 113/113 MP: 19/19
 15226 | Lair:3   | Reached skill level 5 in Ranged Weapons
 15423 | Lair:3   | Noticed a sphinx
 15818 | D:10     | Entered Level 10 of the Dungeon
 15920 | D:10     | Acquired a manual of Dodging
 16063 | D:10     | Received a gift from Okawaru
 16081 | D:10     | Noticed Josephine
 16127 | D:10     | Killed Josephine
 16128 | D:10     | Reached skill level 1 in Shapeshifting
 16386 | D:10     | Found Gufelife's Jewellery Shoppe.
 16432 | D:10     | Found a blossoming altar of Fedhas.
 17125 | D:11     | Found a staircase to the Orcish Mines.
 17605 | Orc:1    | Entered Level 1 of the Orcish Mines
 17772 | Orc:1    | Reached skill level 5 in Shapeshifting
 17911 | Orc:1    | Noticed an ettin
 17920 | Orc:1    | Killed an ettin
 17961 | Orc:1    | Received a gift from Okawaru
 18194 | Orc:2    | Entered Level 2 of the Orcish Mines
 18778 | Orc:2    | Found a staircase to the Elven Halls.
 18888 | Orc:2    | Found a roughly hewn altar of Beogh.
 18978 | Orc:2    | Found a roughly hewn altar of Beogh.
 19007 | Orc:2    | Noticed an orc warlord
 19047 | Orc:2    | Killed an orc warlord
 19429 | Orc:2    | Received a gift from Okawaru
 19537 | Orc:2    | Found a roughly hewn altar of Beogh.
 19599 | Orc:2    | Paralysed by an orc sorcerer for 5 turns
 19870 | Orc:2    | Found Cots's Antique Armour Shop.
 19871 | Orc:2    | Found a roughly hewn altar of Beogh.
 19872 | Orc:2    | Found Huatuab's Antique Weapon Boutique.
 19912 | Orc:2    | Found Zuttokhlur's Assorted Antiques.
 19920 | Orc:2    | Bought a grey potion for 29 gold pieces
 19920 | Orc:2    | Bought a scroll labelled HEV BUTICZIC for 33 gold pieces
 19956 | Orc:2    | Found a roughly hewn altar of Beogh.
 19970 | Orc:2    | Found Tycak's Weapon Shop.
 20050 | Orc:2    | Found a roughly hewn altar of Beogh.
 20427 | D:1      | Bought a manual of Invocations for 800 gold pieces
 20777 | Lair:3   | Noticed ClasyJones's ghost (journeyman TrFi)
 21004 | Lair:3   | Killed Kirke
 21004 | Lair:3   | Received a gift from Okawaru
 21127 | Lair:4   | Noticed Sonja
 21128 | Lair:4   | Killed Sonja
 21243 | Lair:3   | Reached XP level 14. HP: 108/121 MP: 18/20
 21436 | Lair:4   | Acquired the ring "Lissetasm" {rPois Will+ Int+6}
 21485 | Lair:4   | Found a staircase to the Slime Pits.
 21485 | Lair:4   | Found a viscous altar of Jiyva.
 21566 | Lair:4   | Reached skill level 10 in Shapeshifting
 21753 | Lair:4   | Received a gift from Okawaru
 22027 | Lair:4   | Reached skill level 11 in Fighting
 22614 | Lair:5   | Entered Level 5 of the Lair of Beasts
 22630 | Lair:4   | Received a gift from Okawaru
 22846 | Lair:5   | Reached skill level 10 in Invocations
 22948 | Lair:5   | Reached skill level 12 in Fighting
 23020 | Lair:5   | Reached ****** piety under Okawaru
 23024 | Lair:5   | Acquired the +5 Storm Queen's Shield {shock, Fly rElec}
 23024 | Lair:5   | Received a gift from Okawaru
 23024 | Lair:5   | Found the +5 Storm Queen's Shield {shock, Fly rElec}
 23056 | Lair:5   | Reached skill level 10 in Dodging
 23285 | Lair:5   | Reached skill level 1 in Shields
 23381 | Lair:5   | Received a gift from Okawaru
 23458 | Lair:5   | Reached XP level 15. HP: 132/132 MP: 23/23
 24144 | Lair:5   | Received a gift from Okawaru
 25518 | D:13     | Found Wacofimo's Magic Scroll Emporium.
 25521 | D:13     | Bought a scroll of blinking for 120 gold pieces
 25521 | D:13     | Bought a scroll of identify for 32 gold pieces
 25521 | D:13     | Bought a scroll of identify for 32 gold pieces
 25526 | D:13     | Found Maen Wokh's Antique Weapon Shop.
 25534 | D:13     | Bought an ancient scimitar for 333 gold pieces
 25534 | D:13     | Identified the +0 scimitar of Iconoclasm {spect, Str+3}
                  | (You bought it in a shop on level 13 of the Dungeon)
 25676 | D:13     | Received a gift from Okawaru
 26010 | D:13     | Found Wapifana's Antique Armour Boutique.
 26228 | D:14     | Found Odanned's Magic Scroll Shop.
 26236 | D:14     | Bought a scroll of identify for 26 gold pieces
 26237 | D:14     | Bought a scroll of identify for 26 gold pieces
 26237 | D:14     | Bought a scroll of identify for 26 gold pieces
 26285 | D:14     | Identified the +4 scale mail of Vetuoc {Harm +Blink rN+
                  | rCorr}
 26653 | D:14     | Found a gate to the Vaults.
 26830 | D:15     | Entered Level 15 of the Dungeon
 26939 | D:15     | Reached skill level 5 in Shields
 26940 | D:15     | Received a gift from Okawaru
 26988 | D:15     | Found a gate leading to a gauntlet.
 27005 | Gauntlet | Entered a Gauntlet
 27005 | Gauntlet | Found a transporter.
 27005 | Gauntlet | Found a transporter.
 27018 | Gauntlet | Found a transporter.
 27033 | Gauntlet | Found a transporter.
 27036 | Gauntlet | Found a transporter.
 27039 | Gauntlet | Found a transporter.
 27039 | Gauntlet | Found a transporter.
 27040 | Gauntlet | Found a transporter.
 27051 | Gauntlet | Found a transporter.
 27069 | Gauntlet | Found a transporter.
 27078 | Gauntlet | Found a transporter.
 27082 | Gauntlet | Found a runed translucent door.
 27096 | Gauntlet | Found a transporter.
 27114 | Gauntlet | Found a transporter.
 27131 | Gauntlet | Found a transporter.
 27462 | Gauntlet | Identified the +11 war axe "Xoxtauf" {freeze, rPois rC+
                  | Str-4 Dex+4}
 27468 | Gauntlet | Identified the +0 helmet "Resu" {rElec rF+ rC- Dex+6
                  | Slay-6}
 27542 | Gauntlet | Identified the +0 pair of gloves "Rayxaji" {Int+3}
 27624 | Gauntlet | Identified the +0 leather armour of Supple Strength
                  | {Rampage rF- rN+ Dex+3}
 27625 | Gauntlet | Got the Parchment of the Thirsty Mice
 27630 | Gauntlet | Identified the +1 leather armour of the Ecumenical Temple
                  | {Str+3}
 27633 | Gauntlet | Identified the staff of the Dead {rPois rC++ rN+ rCorr
                  | Necro}
 27753 | D:15     | Noticed Jorgrun
 27776 | D:15     | Killed Jorgrun
 27913 | D:15     | Received a gift from Okawaru
 27919 | D:15     | Reached XP level 16. HP: 101/139 MP: 16/25
 28591 | Swamp:1  | Entered Level 1 of the Swamp
 28908 | Swamp:1  | Noticed Donald
 28923 | Swamp:1  | Killed Donald
 29046 | Swamp:1  | Identified the +2 mace of the Fray {spect, Dex+3}
 29287 | Swamp:1  | Received a gift from Okawaru
 29508 | Swamp:2  | Reached skill level 10 in Shields
 29572 | Swamp:2  | Noticed a tentacled monstrosity
 29597 | Swamp:2  | Killed a tentacled monstrosity
 30209 | Swamp:2  | Reached skill level 13 in Fighting
 30410 | Swamp:3  | Received a gift from Okawaru
 31186 | Swamp:4  | Entered Level 4 of the Swamp
 31217 | Swamp:4  | Reached skill level 14 in Fighting
 31555 | Swamp:4  | Received a gift from Okawaru
 31566 | Swamp:4  | Reached XP level 17. HP: 97/154 MP: 15/27
 32011 | Swamp:4  | Reached skill level 15 in Fighting
 32011 | Swamp:4  | Reached skill level 15 in Invocations
 32439 | Swamp:4  | Received a gift from Okawaru
 32556 | Swamp:4  | Got a decaying rune of Zot
 32835 | Spider:1 | Entered Level 1 of the Spider Nest
 33002 | Spider:1 | Reached skill level 15 in Dodging
 33064 | Spider:1 | Noticed Agnes
 33098 | Spider:1 | Killed Agnes
 33324 | Spider:1 | You are sucked into a shaft and drop 1 floor!
 33911 | Spider:2 | Reached skill level 16 in Fighting
 34243 | Spider:2 | Noticed Louise
 34255 | Spider:2 | Killed Louise
 34286 | Spider:2 | Received a gift from Okawaru
 35429 | Spider:3 | Reached skill level 17 in Fighting
 35532 | Spider:3 | Noticed Roxanne
 35661 | Spider:3 | Noticed Azrael
 35698 | Spider:3 | Killed Azrael
 35882 | Spider:4 | Entered Level 4 of the Spider Nest
 35890 | Spider:4 | Received a gift from Okawaru
 36311 | Spider:4 | Reached XP level 18. HP: 169/169 MP: 30/30
 36419 | Spider:4 | Reached skill level 1 in Long Blades
 36587 | Spider:4 | Received a gift from Okawaru
 37766 | Spider:4 | Received a gift from Okawaru
 37884 | Spider:4 | Got a gossamer rune of Zot
 38254 | Vaults:1 | Entered Level 1 of the Vaults
 38754 | Vaults:1 | Noticed Nikola
 38770 | Vaults:1 | Killed Nikola
 38770 | Vaults:1 | Received a gift from Okawaru
 38771 | Vaults:1 | Reached skill level 10 in Evocations
 39013 | Vaults:1 | Received a gift from Okawaru
 39388 | Vaults:1 | Identified the ring of the Invisible Hand {rElec Will+}
 39852 | Vaults:1 | Reached XP level 19. HP: 161/177 MP: 28/31
 40016 | Vaults:2 | Found a glowing silver altar of Zin.
 40017 | Vaults:2 | Found a crumbling gateway.
 40017 | Vaults:2 | Found a white marble altar of Elyvilon.
 40030 | Vaults:2 | Found a glowing golden altar of the Shining One.
 40145 | Vaults:2 | Received a gift from Okawaru
 40398 | Desolati | Entered the Desolation of Salt
 40586 | Desolati | Identified the ring "Tioq" {rF++ rC+ EV+5 Int-5}
 40655 | Desolati | Got the Omnibus of the Ossuary and Beckoning
 40722 | Desolati | Received a gift from Okawaru
 40785 | Desolati | Reached skill level 18 in Fighting
 40973 | Desolati | Found the +8 trishula "Condemnation" {holy, anguish, *Noise
                  | Fly rN+}
 40982 | Desolati | Identified the +8 quarterstaff of Indomitability {flame,
                  | Dex+4}
 41262 | Desolati | Identified the ring "Ypre" {rF+ Will- rCorr Str+3 Int+6}
 41264 | Desolati | Identified the +8 rapier of Cruel Justice {flame, *Noise
                  | rElec Str+7 Stlth-}
 41267 | Desolati | Got the Catalogue of Correspondence and Invitation
 41269 | Desolati | Got the Cyclopedia of the Wispy Blaze
 41270 | Desolati | Identified the +0 scale mail "Xijoan" {+Blink Will+}
 41271 | Desolati | Identified the +5 ring mail of the Tanner {rElec rPois rF-
                  | Stlth+}
 41570 | Vaults:2 | Identified the staff of a treasure trove {rPois MP-9 Int+7
                  | Alchemy}
 41710 | Vaults:2 | Reached skill level 10 in Throwing
 41887 | Vaults:2 | Received a gift from Okawaru
 42067 | Vaults:2 | Found a staircase to the Crypt.
 42194 | Vaults:2 | Found Mifarr's Antique Armour Shoppe.
 42207 | Vaults:2 | Bought a pair of runed gloves for 240 gold pieces
 42228 | Vaults:2 | Bought a runed scarf for 256 gold pieces
 42721 | Vaults:2 | You are sucked into a shaft and drop 1 floor!
 42894 | Vaults:3 | Received a gift from Okawaru
 42895 | Vaults:3 | Reached XP level 20. HP: 187/187 MP: 33/33
 43154 | Vaults:3 | Reached skill level 5 in Long Blades
 43373 | Vaults:3 | Found a runed translucent door.
 43373 | Vaults:3 | Noticed Qecvurom's ghost (adept DrRe)
 43663 | Vaults:3 | Received a gift from Okawaru
 44292 | Vaults:3 | Killed Qecvurom's ghost
 44650 | Vaults:4 | Noticed Saint Roka
 44673 | Arena    | Entered the Arena
 44718 | Vaults:4 | Killed Saint Roka
 45003 | Vaults:4 | Received a gift from Okawaru
 45281 | Vaults:4 | Reached skill level 19 in Fighting
 46146 | Vaults:4 | Acquired the +1 pair of boots "Qixzahon" {+Blink +Inv}
 47193 | D:15     | Received a gift from Okawaru
 47460 | D:15     | Identified the ring of Ciezoheo {rCorr Str+7 Dex-5}
 47518 | D:15     | Identified the +3 scale mail of the Worm {rF+ rC+ Str+3
                  | Int-3}
 47520 | D:15     | Got the Encyclopedia of Wanderlust and Nigredo
 47524 | D:15     | Identified the staff "Transmigrator" {rC+ Earth}
 47526 | D:15     | Identified the +0 chain mail of Imolips {rPois rC+}
 47661 | D:15     | Identified the +1 scale mail "Bassodgh" {*Slow Str+4}
 47826 | D:15     | Found a staircase to the Depths.
 47928 | Depths:1 | Entered Level 1 of the Depths
 47943 | Depths:1 | Found a one-way gate leading to the halls of Pandemonium.
 47965 | Depths:1 | Received a gift from Okawaru
 48231 | Depths:1 | Reached XP level 21. HP: 187/199 MP: 11/34
 48498 | Depths:1 | You are sucked into a shaft and drop 1 floor!
 48498 | Depths:2 | Found a blossoming altar of Fedhas.
 48902 | Depths:1 | Received a gift from Okawaru
 48909 | Depths:1 | Identified the +5 flail "Syvyfugg" {drain, rC+}
 49349 | Depths:1 | Acquired a manual of Ranged Weapons
 49358 | Depths:1 | Found a gateway to Hell.
 49673 | Depths:2 | Found Toigurch's Self-Improvement Boutique.
 49676 | Depths:2 | Reached skill level 10 in Ranged Weapons
 49725 | Depths:2 | Bought a manual of Fighting for 1520 gold pieces
 49904 | Depths:2 | Reached skill level 20 in Fighting
 49954 | Depths:2 | Received a gift from Okawaru
 50219 | Depths:1 | Reached skill level 10 in Long Blades
 51279 | Depths:3 | Received a gift from Okawaru
 51699 | Depths:3 | Received a gift from Okawaru
 51958 | Depths:3 | Found a one-way gateway to a ziggurat.
 52104 | Depths:3 | Found a one-way gate to the infinite horrors of the Abyss.
 52637 | Depths:3 | Found Etehayv's Jewellery Shoppe.
 52638 | Depths:3 | Found Ciusax's Book Boutique.
 52638 | Depths:3 | Found Rylohete's Book Boutique.
 52646 | Depths:3 | Learned a level 1 spell: Apportation
 52811 | Depths:4 | Entered Level 4 of the Depths
 52811 | Depths:4 | Noticed a juggernaut
 52861 | Depths:4 | Killed a juggernaut
 53040 | Depths:4 | Reached XP level 22. HP: 121/209 MP: 19/35
 53272 | Depths:4 | Noticed a caustic shrike
 53272 | Depths:4 | Noticed a caustic shrike
 53274 | Depths:4 | Noticed a caustic shrike
 53278 | Depths:4 | Noticed a caustic shrike
 53284 | Arena    | Entered the Arena
 53320 | Depths:4 | Killed a caustic shrike
 53326 | Depths:4 | Killed a caustic shrike
 53327 | Depths:4 | Killed a caustic shrike
 53330 | Depths:4 | Killed a caustic shrike
 53375 | Depths:4 | Received a gift from Okawaru
 53395 | Depths:4 | Noticed a golden dragon
 53447 | Depths:4 | Killed a golden dragon
 53552 | Depths:4 | Found a gate to the Realm of Zot.
 53639 | Depths:4 | Noticed a golden dragon
 53665 | Depths:4 | Killed a golden dragon
 53907 | Depths:4 | Reached skill level 21 in Fighting
 53976 | Depths:4 | Noticed a golden dragon
 54000 | Depths:4 | Killed a golden dragon
 54009 | Depths:4 | Received a gift from Okawaru
 54383 | Depths:4 | Found a white marble altar of Elyvilon.
 55080 | Slime:1  | Entered Level 1 of the Pits of Slime
 55080 | Slime:1  | Found a viscous altar of Jiyva.
 55916 | Slime:4  | Learned a level 2 spell: Blink
 55917 | Slime:5  | Entered Level 5 of the Pits of Slime
 56074 | Slime:5  | Noticed the Royal Jelly
 56260 | Arena    | Entered the Arena
 56264 | Arena    | HP: 1/213 [acid blob (30)]
 56264 | Arena    | Splashed by an acid blob's acid

Illustrated notes

Levels and vault maps discovered:
D:1:      onia_arrival_pentagram, layout_basic, nicolae_shop_vocational
D:2:      layout_basic, basic_altar, minmay_tromino_v4_a, uniq_natasha,
          uniq_robin, uniq_crazy_yiuf_cottage
D:3:      layout_rooms, mainiacjoe_overflow_big_doors, basic_ecumenical_altar,
          grunt_ministairs_8, uniq_terence, uniq_jessica
D:4:      layout_loops_ring, lemuel_doored_altar,
          eat_drink_and_be_merry_uskayaw, serial_demonic, serial_demonic_g,
          serial_demonic_e, serial_demonic_f, serial_demonic_b
D:5:      layout_basic
D:6:      nicolae_cairo_tiling_large, layout_rooms,
          minmay_temple_entry_from_below_a, minmay_between
D:7:      minmay_chambers_of_sixes, layout_basic, uniq_maurice, uniq_joseph
D:8:      layout_loops_ring
D:9:      layout_basic, kennysheep_mini_moat, mainiacjoe_overflow_paths,
          due_lair_maze_entry_diamond, enter_bailey_2, serial_shops,
          nicolae_shop_tiny_statue_garden, uniq_erolcha
D:10:     layout_basic, kennysheep_mini, serial_shops, nicolae_shop_trees,
          uniq_josephine
D:11:     layout_loops_ring, erik_orc_4
D:12:     layout_basic, serial_library_hellmonk_double_dead_end
D:13:     layout_roguey, serial_shops, nicolae_square_shop,
          nicolae_shop_waterfront, nicolae_stop_n_shop_1, chequers_garden,
          minmay_bent
D:14:     layout_basic, hellmonk_vaults_keyhole, serial_shops, shop_statue
D:15:     vault_1, layout_small_grid, gauntlet_entry_generic, serial_rivers,
          chequers_serial_rivers_large_b, chequers_serial_rivers_micro_e,
          chequers_serial_rivers_micro_e, chequers_serial_rivers_micro_a,
          chequers_serial_rivers_micro_b, chequers_serial_rivers_large_a,
          minmay_more_statues, uniq_jorgrun
Temple:   bh_familiar_temple
Lair:1:   layout_loops_ring, wad_woods_river_02
Lair:2:   cheibrodos_lair_overgrown_chateau, layout_regular_city,
          spider_nest_entry_rubble, lemuel_fruit_fields, uniq_maggie,
          uniq_harold
Lair:3:   layout_regular_city, swamp_mist_pool,
          gammafunk_ghost_berserking_beasts, forest_entry_grove, uniq_kirke
Lair:4:   layout_gridlike, slime_entry_1, grunt_megastairs_2, uniq_sonja
Lair:5:   guppyfry_lair_end_dragon, layout_gridlike,
          hangedman_lair_tendril_chambers
Swamp:1:  layout_basic_swamp, nicolae_swamp_treefoil, uniq_donald
Swamp:2:  layout_basic_swamp, hangedman_swamp_pad, swamp_pool_3,
          hangedman_swamp_lotus, nicolae_swamp_nymph_family_reunion,
          infiniplex_staircase_pool
Swamp:3:  layout_falls_marsh, evilmike_swamp_ruin_house_1,
          infiniplex_staircase_pool_2
Swamp:4:  swamp_fiery, layout_basic_swamp, nicolae_swamp_catching_bugs
Spider:1: layout_spider_delve, uniq_agnes
Spider:2: layout_spider_delve, nicolae_spider_twisty_arc_passages, uniq_louise
Spider:3: layout_spider_delve, uniq_azrael, uniq_roxanne
Spider:4: floodkiller_spider_rune_tomb, drop_trap
Slime:1:  layout_caves, basic_altar
Slime:2:  layout_caves, cheibrodos_slime_lost_civilization_7
Slime:3:  layout_caves
Slime:4:  nicolae_slime_pool, layout_caves
Slime:5:  slime_pit_nicolae_trefoil
Orc:1:    layout_caves, nicolae_orc_lava_room
Orc:2:    grunt_orc_community_town_hall, layout_caves,
          grunt_orc_community_big_house_1, grunt_orc_community_big_house_2,
          grunt_orc_community_house_3, grunt_orc_community_house_1,
          grunt_orc_community_house_3, grunt_orc_community_house_1,
          grunt_orc_community_house_3
Vaults:1: nicolae_vaults_more_shelving_2, vaults_room_hallway,
          nicolae_vaults_tangram_2, v_misc_17, nicolae_vaults_meiosis,
          vaults_room_grid, ontoclasm_vaults_twist, vaults_mumra_minichess,
          nicolae_vaults_three_branches, layout_vaults_omnigrid, uniq_nikola
Vaults:2: portal_desolation_entry_holy_temple, v_alt_pattern_5,
          dpeg_vaults_monster_box, v_rooms_5, minmay_orc_keep,
          nicolae_vaults_sesquioval_fish, nicolae_vaults_offset_grid_hallway_2,
          hangedman_vaults_hat, minmay_crypt_entry_simple_corners,
          nicolae_vaults_antechamber_and_loot_room, vaults_mumra_chevron,
          layout_vaults_ring, serial_shops, shop_coins
Vaults:3: hellmonk_ghost_happy_afterlife, nicolae_vaults_prndl,
          ontoclasm_vaults_tryst, vaults_mumra_hex,
          nicolae_vaults_sightless_eye, vaults_room_glass_cross,
          hangedman_vaults_maws, v_rooms_2, hangedman_vaults_stream,
          nicolae_vaults_tetromino_L_1, nicolae_vaults_storage_closets_2,
          layout_vaults_omnicross
Vaults:4: nicolae_vaults_closet_pinwheel_1, vaults_room_ringed_pool,
          nicolae_vaults_double_plus_1, nicolae_vaults_six-pack,
          vaults_room_grunt_arrival_checkpoint, nicolae_vaults_tetromino_Z_1,
          nicolae_vaults_little_squares_4, grunt_vaults_hallway_long,
          layout_vaults_chaotic_city, uniq_saint_roka
Depths:1: layout_gridlike, grunt_metal_band, minivault_11, serial_curves,
          eino_curves_04, eino_curves_01, rand_demon_pan_entry_8,
          bh_walls_and_bars
Depths:2: evilmike_hourglass, layout_cave_pools, grunt_pan_entry_in_and_out,
          fedhas_altar_2, hell_entry, nicolae_shop_self_help, firewood_loft
Depths:3: minmay_connected_boxes_in_corner, layout_cave_shapes,
          enter_ziggurat_b, abyss_entry, hell_entry,
          hangedman_cracks_in_the_wall, infiniplex_staircase_zigzag_1,
          minmay_shop_grove, uniq_josephina
Depths:4: grunt_zot_entry_pinwheel, layout_long_grid,
          nicolae_elyvilon_peaceful_grove, abyss_entry, hell_entry,
          grunt_megastairs_3
Arena

Skill      XL: |  1  2  3  4  5  6  7  8  9 10 11 12 13 14 15 16 17 18 19 20 21 22 |
---------------+-------------------------------------------------------------------+-----
Stealth        | 4 5 6 8 |  8.0
Fighting       | 3 4 6 8 9 10 12 14 17 18 19 20 21 | 21.5
Short Blades   | 3 4 6 8 9 10 12 14 | 14.0
Dodging        | 2 3 4 6 7 8 10 12 14 15 | 15.0
Throwing       | 2 3 4 5 6 8 10 | 10.0
Evocations     | 1 3 6 7 8 10 | 10.0
Invocations    | 6 7 8 11 12 14 16 18 | 18.0
Ranged Weapons | 4 6 9 11 13 | 13.6
Shapeshifting  | 9 10 12 13 14 | 14.0
Shields        | 1 7 10 12 14 | 14.2
Long Blades    | 4 8 11 12 | 12.8

Action                     |  1- 3 |  4- 6 |  7- 9 | 10-12 | 13-15 | 16-18 | 19-21 | 22-24 || total
---------------------------+-------+-------+-------+-------+-------+-------+-------+-------++-------
  Melee: Dagger            |   117 |   212 |   724 |   674 |       |       |       |       ||  1727
         Tailslap          |    12 |    26 |   144 |   225 |   397 |   556 |   876 |   191 ||  2427
         Unarmed           |       |     2 |       |       |     6 |    10 |       |       ||    18
         Cutlass           |       |       |       |   624 |  1649 |  2106 |  2874 |   608 ||  7861
         Maw               |       |       |       |       |   508 |   988 |  1513 |   348 ||  3357
         Scimitar          |       |       |       |       |       |       |       |     2 ||     2
   Fire: Longbow           |       |       |       |   101 |   282 |       |       |       ||   383
         Hand cannon       |       |       |       |       |       |       |    50 |    21 ||    71
  Throw: Dart              |     3 |    41 |    32 |    87 |    60 |   144 |     4 |     1 ||   372
         Javelin           |       |       |     3 |       |       |       |    62 |     8 ||    73
         Boomerang         |       |       |       |     3 |    36 |    86 |     5 |       ||   130
         Throwing net      |       |       |       |       |       |     1 |       |       ||     1
 Invoke: Heroism           |       |       |       |     3 |     5 |     3 |     6 |     4 ||    21
         Finesse           |       |       |       |       |     2 |     4 |     3 |     1 ||    10
         Receive Armour    |       |       |       |       |     1 |       |       |       ||     1
         Duel              |       |       |       |       |       |       |     1 |     2 ||     3
Ability: Mud Breath        |       |       |     5 |     3 |     7 |     2 |     4 |       ||    21
  Evoke: Wand              |       |       |     7 |    21 |     9 |       |     7 |       ||    44
         Tin of tremorston |       |       |       |       |       |     1 |     6 |     1 ||     8
         Lightning rod     |       |       |       |       |       |       |     4 |     4 ||     8
    Use: Scroll            |       |       |     5 |    19 |    16 |     5 |    11 |     2 ||    58
         Potion            |       |       |       |       |     3 |       |     5 |     6 ||    14
   Stab: Sleeping          |     6 |     6 |     7 |     7 |     9 |    12 |    32 |     1 ||    80
         Distracted        |       |       |     1 |       |     1 |     1 |     4 |       ||     7
         Paralysed         |       |       |       |     4 |       |       |       |       ||     4
         Confused          |       |       |       |       |     1 |       |       |       ||     1
         Held in net/web   |       |       |       |       |       |     2 |       |       ||     2
         Petrified         |       |       |       |       |       |       |     5 |       ||     5
         Petrifying        |       |       |       |       |       |       |     3 |       ||     3
 Armour: Skin              |    59 |   134 |   252 |   312 |   463 |   680 |   681 |   178 ||  2759
  Dodge: Dodged            |    67 |   137 |   321 |   669 |   799 |   930 |  1099 |   227 ||  4249
  Block: Kite shield       |       |       |       |       |   286 |  1472 |  1608 |   358 ||  3724
   Form: Maw               |       |       |       |       |     1 |       |       |       ||     1

Table legend: (Time is in decaauts)
 A = Elapsed time spent in this place.
 B = Non-inter-level travel time spent in this place.
 C = Inter-level travel time spent in this place.
 D = Time resting spent in this place.
 E = Time spent auto-exploring this place.
 F = Levels seen in this place.
 G = Mean time per level.
                   A        B        C        D        E       F      G
               +--------+--------+--------+--------+--------+-----+--------+
         Total |  51119 |  46902 |   4217 |   1093 |  33448 |  50 | 1022.4 |
       Dungeon |  16407 |  14527 |   1880 |    403 |  10415 |  15 | 1093.8 |
        Temple |     73 |      3 |     70 |      0 |      0 |   1 |   73.0 |
          Lair |   7924 |   6944 |    980 |     99 |   4795 |   5 | 1584.8 |
         Swamp |   3786 |   3622 |    164 |      0 |   2827 |   4 |  946.5 |
   Spider Nest |   4981 |   4479 |    502 |    139 |   3175 |   4 | 1245.2 |
    Slime Pits |   1016 |   1006 |     10 |    167 |    592 |   5 |  203.2 |
  Orcish Mines |   2436 |   2358 |     78 |    125 |   1600 |   2 | 1218.0 |
        Vaults |   5989 |   5742 |    247 |    112 |   4141 |   4 | 1497.2 |
        Depths |   5952 |   5670 |    282 |      0 |   4517 |   4 | 1488.0 |
        Bailey |   1020 |   1020 |      0 |      0 |    469 |   1 | 1020.0 |
    Desolation |    889 |    889 |      0 |      0 |    553 |   1 |  889.0 |
      Gauntlet |    588 |    588 |      0 |     18 |    364 |   1 |  588.0 |
         Arena |     51 |     51 |      0 |     30 |      0 |   3 |   17.0 |
               +--------+--------+--------+--------+--------+-----+--------+

Top non-repeatable levels by time:
  Lair:2: 2104 daAuts
Spider:4: 1921 daAuts
Depths:1: 1860 daAuts
   Orc:2: 1788 daAuts
    D:15: 1681 daAuts
Depths:4: 1590 daAuts
Vaults:4: 1561 daAuts
  Lair:1: 1550 daAuts
  Lair:3: 1497 daAuts
Vaults:1: 1486 daAuts
Vaults:3: 1481 daAuts
  Lair:5: 1478 daAuts
     D:7: 1465 daAuts
Vaults:2: 1460 daAuts
     D:8: 1395 daAuts
